 Dungeon Crawl Stone Soup version 0.20.1-1-g8b1a95d (webtiles) character file.

606 mmigdal the Skirmisher (level 7, -2/60 HPs)
             Began as a Ghoul Wanderer on Nov 2, 2017.
             Killed by divine providence
             ... invoked by an orc priest
              (12 damage)
             ... on level 4 of the Dungeon.
             The game lasted 00:21:26 (3422 turns).

mmigdal the Skirmisher (Ghoul Wanderer)             Turns: 3422, Time: 00:21:26

Health: -2/60      AC: 10    Str: 15    XL:     7   Next: 42%
Magic:  6/6        EV:  9    Int:  8    God:
Gold:   157        SH:  0    Dex: 10    Spells: 6/6 levels left

rFire    . . .     SeeInvis .     - Unarmed
rCold    + . .     Gourm    .   (no shield)
rNeg     + + +     Faith    .   a - +2 scale mail
rPois    ∞         Spirit   .   m - +0 helmet
rElec    .         Reflect  .   (no cloak)
rCorr    .         Harm     .   (no gloves)
MR       +....                  (no boots)
Stlth    ..........             (no amulet)
Regen    0.0/turn               (no ring)
MPRegen  0.1/turn               o - ring of protection from magic

@: rotting
A: rotting body, claws 1, carnivore 3, cold resistance 1, negative energy
resistance 3, inhibited regeneration, torment resistance, unbreathing
a: no special abilities


You were on level 4 of the Dungeon.
You were not hungry.

You visited 1 branch of the dungeon, and saw 4 of its levels.

You collected 157 gold pieces.

Inventory:

Hand Weapons
 b - a +0 hand crossbow
Missiles
 c - 27 bolts
Armour
 a - a +2 scale mail (worn)
 m - a +0 helmet (worn)
Jewellery
 o - a ring of protection from magic (right claw)
Wands
 n - a wand of flame (0/48)
Scrolls
 e - 2 scrolls of amnesia {unknown}
 i - 3 scrolls of enchant weapon {unknown}
 j - 4 scrolls of identify {unknown}
 l - a scroll of fear {unknown}
 q - a scroll of fog {unknown}
Potions
 d - 4 potions of curing
 g - a potion of lignification {unknown}
 h - a potion of degeneration {unknown}
 k - 2 potions of flight {unknown}
 p - a potion of heal wounds {unknown}
Comestibles
 f - 3 meat rations
 r - a chunk of flesh


   Skills:
 + Level 4.8 Fighting
 + Level 4.5 Crossbows
 + Level 3.2 Armour
 + Level 0.8 Dodging
 + Level 1.2 Stealth
 + Level 4.7 Unarmed Combat
 + Level 1.2 Evocations


You had 6 spell levels left.
You didn't know any spells.

Dungeon Overview and Level Annotations

Branches:
Dungeon (4/15)
 Temple: D:4-7

Altars:
Elyvilon
Fedhas


Innate Abilities, Weirdness & Mutations

Your body is rotting away.
You thrive on raw meat.
You are immune to poison.
You have sharp fingernails.
You are carnivorous and can eat meat at any time.
Your flesh is cold resistant. (rC+)
You are immune to negative energy. (rN+++)
You do not regenerate when monsters are visible.
You are immune to unholy pain and torment.
You can survive without breathing.


Message History

The orc warrior is heavily wounded.
The orc warrior hits you with a battleaxe.
The orc priest invokes the aid of Beogh against you.
Beogh smites you!
You scratch the orc warrior but do no damage.
The orc warrior is heavily wounded.
You scratch the orc warrior.
The orc warrior is severely wounded.
The orc warrior barely misses you.
You scratch the orc warrior but do no damage.
The orc warrior is severely wounded.
The orc warrior hits you with a battleaxe!
* * * LOW HITPOINT WARNING * * *
You feel better.
The orc warrior hits you with a battleaxe!
* * * LOW HITPOINT WARNING * * *
The orc warrior sings a few bars from the Orcish anthem.
The orc priest invokes the aid of Beogh against you.
Beogh smites you!
You die...

##(..##### ##.).......
#.....##### ##o#......#
#.#......# #r##.....##
#.o........ ##......... #
#.@....### # #......# ########
#......# ##. .......#
#......##.... ##.###.#
#....÷....... ##.# #.#
#####..#..##. ##.###.#####
#..#.....
##.........#########.#.###.###
##.###........................##


You could see an orc warrior, an orc priest and a quokka.

Vanquished Creatures
  Eustachio (D:4)
  Crazy Yiuf (D:3)
  An orc priest (D:3)
  A gnoll shaman (D:4)
  2 orc wizards
  Natasha (twice) (D:4)
  A worker ant (D:4)
  Robin (D:3)
  4 gnolls (D:4)
  10 adders
  3 worms (D:3)
  4 dart slugs
  10 orcs
  A ball python (D:3)
  5 giant cockroaches
  13 hobgoblins
  5 jackals
  4 kobolds
  6 bats
  6 frilled lizards
  14 goblins
  6 rats
101 creatures vanquished.

Notes
Turn   | Place    | Note
-------+----------+-------------------------------------------
     0 | D:1      | mmigdal the Ghoul Wanderer began the quest for the Orb.
     0 | D:1      | mmigdal set off with: a +2 scale mail, a +0 hand crossbow, 25 bolts, a potion of curing, a meat ration
     0 | D:1      | Reached XP level 1. HP: 19/19 MP: 0/0
   207 | D:1      | Reached XP level 2. HP: 25/27 MP: 1/1
   485 | D:1      | Reached XP level 3. HP: 28/33 MP: 2/2
  1026 | D:2      | Reached skill level 1 in Unarmed Combat
  1225 | D:2      | Reached XP level 4. HP: 39/40 MP: 3/3
  1275 | D:2      | Found a blossoming altar of Fedhas.
  1275 | D:2      | Found a white marble altar of Elyvilon.
  1448 | D:2      | Reached XP level 5. HP: 44/46 MP: 4/4
  1665 | D:3      | Noticed Robin
  1672 | D:3      | Killed Robin
  2099 | D:3      | Reached XP level 6. HP: 10/53 MP: 5/5
  2376 | D:3      | Found a runed door.
  2380 | D:3      | Noticed Crazy Yiuf
  2399 | D:3      | Killed Crazy Yiuf
  2662 | D:4      | Noticed Natasha
  2666 | D:4      | Killed Natasha
  2727 | D:4      | Noticed Natasha
  2733 | D:4      | Killed Natasha
  2818 | D:4      | Noticed Eustachio
  2883 | D:4      | Killed Eustachio
  2883 | D:4      | Reached XP level 7. HP: 42/60 MP: 6/6
  3422 | D:4      | Killed from afar by an orc priest

Skill      XL: |  1  2  3  4  5  6 |
---------------+-------------------+-----
Fighting       | 4 |  4.8
Crossbows      | 3 4 |  4.5
Armour         | 2 3 |  3.2
Unarmed Combat | 1 2 3 4 |  4.7
Dodging        | |  0.8
Stealth        | |  1.2
Evocations     | |  1.2

Action                   |  1- 3 |  4- 6 |  7- 9 || total
-------------------------+-------+-------+-------++-------
Melee: Unarmed           |   115 |   178 |    45 ||   338
       Hand crossbow     |     1 |     1 |       ||     2
       Punch             |       |     2 |       ||     2
 Fire: Hand crossbow     |    45 |    71 |    20 ||   136
Evoke: Wand              |       |     5 |       ||     5
  Use: Potion            |       |       |     1 ||     1
  Eat: Chunk             |     5 |     3 |     1 ||     9
Armor: Scale mail        |    57 |    77 |    14 ||   148
Dodge: Dodged            |    53 |    72 |    22 ||   147
